 Dungeon Crawl Stone Soup version 0.29.0-4-gdea44cf6ec (webtiles) character file.

Game seed: 17978848908757798610

88 DoubleLucky the Trooper (level 4, -1/48 HPs)
             Began as a Troll Fighter on Aug 27, 2022.
             Slain by a water moccasin (7 damage)
             ... in a sewer.
             The game lasted 00:11:43 (1636 turns).

DoubleLucky the Trooper (Troll Fighter)             Turns: 1636, Time: 00:11:44

Health: -1/48      AC:  5    Str: 24    XL:     4   Next: 30%
Magic:  3/3        EV: 10    Int:  6    God:
Gold:   120        SH:  0    Dex:  9    Spells: 3/3 levels left

rFire   . . .      SeeInvis .     - Unarmed
rCold   . . .      Faith    .   (no shield)
rNeg    . . .      Spirit   .   a - +0 robe
rPois   .          Reflect  .   (helmet restricted)
rElec   .          Harm     .   e - +0 cloak
rCorr   .          Rampage  .   (gloves unavailable)
Will    .....                   (boots unavailable)
Stlth   +.........              (no amulet)
HPRegen 0.96/turn               (no ring)
MPRegen 0.08/turn               (no ring)

@: lethally poisoned (-1 -> -1)
A: large, unfitting armour, claws 3, regeneration 1, shaggy fur 1, tough skin 1
a: no special abilities


You were in a sewer.
You visited 1 branch of the dungeon, and saw 3 of its levels.
You also visited: Sewer.

You collected 120 gold pieces.

Inventory:

Armour
 a - a +0 robe (worn)
 b - a +0 kite shield
 e - a +0 cloak (worn)
Jewellery
 d - a ring of poison resistance
Scrolls
 g - 4 scrolls of identify {unknown}
 i - a scroll of amnesia {unknown}
 j - a scroll of teleportation {unknown}
 k - 2 scrolls of immolation {unknown}
 l - a scroll of poison {unknown}
 n - a scroll of summoning {unknown}
 o - a scroll of enchant armour {unknown}
Potions
 c - 2 potions of might
 f - 2 potions of curing {unknown}
 h - a potion of haste {unknown}
 m - a potion of resistance {unknown}


   Skills:
 - Level 4.2 Fighting
 - Level 2.4 Dodging
 - Level 2.6 Shields
 + Level 2.0 Unarmed Combat


You had 3 spell levels left.
You didn't know any spells.
Your spell library was empty.

Dungeon Overview and Level Annotations

Branches:
Dungeon (3/15)              Sewer (1/1)

Altars:


Innate Abilities, Weirdness & Mutations

You are too large for most types of armour.
You have claws for hands.
Your natural rate of healing is unusually fast.
You are covered in fur. (AC +1)
You have tough skin. (AC +1)


Message History

You barely miss the water moccasin.
You feel very sick. The water moccasin bites you.
You closely miss the water moccasin.
You feel very sick.
The water moccasin bites you but does no damage.
You scratch the water moccasin.
The water moccasin is lightly wounded.
You feel sick.
The water moccasin bites you but does no damage. x2
You closely miss the water moccasin.
The water moccasin is lightly wounded.
You feel sick. The water moccasin bites you.
You are more poisoned.
The water moccasin poisons you!
You miss the water moccasin.
The water moccasin is lightly wounded.
You feel very sick. The water moccasin barely misses you.
You barely miss the water moccasin.
The water moccasin is lightly wounded.
You feel very sick. The water moccasin bites you!
The water moccasin misses you.
You closely miss the water moccasin.
The water moccasin is lightly wounded.
You feel very sick. The water moccasin barely misses you.
You miss the water moccasin.
The water moccasin is lightly wounded.
You feel sick. The water moccasin bites you.
* * * LOW HITPOINT WARNING * * *
You miss the water moccasin.
The water moccasin is lightly wounded.
You feel sick. The water moccasin bites you.
* * * LOW HITPOINT WARNING * * *
The water moccasin bites you but does no damage.
You barely miss the water moccasin. Your claw misses the water moccasin.
The water moccasin is lightly wounded.
You feel sick. The water moccasin bites you!
You die...

#... #.~.#
#~.###..##
#.~~#~~.#
#.....## #..~..#
##..~## #.~.#
##S## #@#
####.####
####....~..#####
#~~~~~††~~~~~~~#
####...#...#####
###..#....#######
#....#......#...#
#.∩∩.#..........#
#....#......#####


You could see a water moccasin.

Vanquished Creatures
  5 adders
  2 dart slugs
  3 ball pythons
  4 bats
  6 endoplasms
  4 giant cockroaches (D:1)
  A goblin (D:1)
  2 hobgoblins
  2 jackals (Sewer)
  3 kobolds
  3 frilled lizards
  4 rats
39 creatures vanquished.

Notes
Turn   | Place    | Note
-------+----------+-------------------------------------------
     0 | D:1      | DoubleLucky the Troll Fighter began the quest for the Orb.
     0 | D:1      | Reached XP level 1. HP: 22/22 MP: 0/0
   183 | D:1      | Reached XP level 2. HP: 29/29 MP: 1/1
   196 | D:1      | Reached skill level 3 in Fighting
   347 | D:1      | Found a faded altar of an unknown god.
   743 | D:1      | Reached XP level 3. HP: 37/37 MP: 2/2
  1512 | D:3      | Reached skill level 4 in Fighting
  1520 | D:3      | Reached XP level 4. HP: 23/48 MP: 3/3
  1520 | D:3      | Found a glowing drain.
  1551 | Sewer    | Entered a sewer
  1611 | Sewer    | Noticed a water moccasin
  1636 | Sewer    | Slain by a water moccasin

Illustrated notes

Levels and vault maps discovered:
D:1:      roderic_dead_forest, layout_loops_corners,
          chequers_ecumenical_altar_simple_redux
D:2:      layout_basic, chequers_mini_garden
D:3:      layout_rooms, portal_sewer_entry_d, uniq_ijyb
Sewer:    sewer_the_moccasin

Skill      XL: |  1  2  3 |
---------------+----------+-----
Fighting       | 3 4 |  4.2
Dodging        | |  2.4
Shields        | |  2.6
Unarmed Combat | |  2.0

Action                   |  1- 3 |  4- 6 || total
-------------------------+-------+-------++-------
Melee: Unarmed           |    90 |    23 ||   113
       Punch             |     3 |       ||     3
 Stab: Sleeping          |     1 |       ||     1
Armor: Robe              |    54 |     8 ||    62
Dodge: Dodged            |    61 |    12 ||    73
